3A-
MAINE SEA DOGS @ SURPRISE SHOCKERS
05/27/2048
 
TOP OF THE 1ST
Maine Sea Dogs batting - Pitching for Surprise Shockers : RHP Alan Jackson
Pitching: RHP Alan Jackson
Batting: RHB Ken Houston 0-0: Ball
1-0: Ground out 4-3 (Groundball, 4MD, EV 103.1 MPH)
Batting: RHB Kelvin van Enk 0-0: Ball
1-0: DOUBLE (Groundball, 5L, EV 104.4 MPH)
Batting: SHB Dwayne Foll 0-0: Ball
1-0: Ball
2-0: Called Strike
2-1: Called Strike
2-2: Ball
3-2: Strikes out looking
Batting: LHB John Weber 0-0: Called Strike
0-1: SINGLE (Groundball, 34D, EV 108.1 MPH)
Kelvin van Enk to third
Runner from 3rd tries for Home, SAFE, throw by RF to home
Batting: RHB Juan Guzmán 0-0: Ball
1-0: Ground out U3 (Groundball, 34, EV 80.6 MPH)
Top of the 1st over - 1 run, 2 hits, 0 errors, 1 left on base; Maine 1 - Surprise 0
BOTTOM OF THE 1ST
Surprise Shockers batting - Pitching for Maine Sea Dogs : LHP Clemenz Lawrence
Pitching: LHP Clemenz Lawrence
Batting: RHB Miles Kranendonk 0-0: SINGLE (Groundball, P, EV 81.9 MPH) (infield hit)
Batting: RHB Takahiro Kouno 0-0: Ball
1-0: Foul Ball, location: 2F
1-1: Fly out, F8 (Line Drive, 8LD, EV 88.8 MPH)
Batting: RHB Luis Martínez 0-0: Called Strike
0-1: Ball
1-1: Foul Ball, location: 2F
1-2: Fly out, F8 (Flyball, 78D, EV 100.0 MPH)
Batting: LHB Gabriel Quintana 0-0: Ball
Miles Kranendonk steals 2nd base
1-0: Ball
2-0: Ball
3-0: Base on Balls
Batting: RHB Francis Caswell 0-0: Called Strike
0-1: Swinging Strike
0-2: Ball
1-2: Foul Ball, location: 2F
1-2: Strikes out swinging
Bottom of the 1st over - 0 runs, 1 hit, 0 errors, 2 left on base; Maine 1 - Surprise 0
TOP OF THE 2ND
Maine Sea Dogs batting - Pitching for Surprise Shockers : RHP Alan Jackson
Batting: RHB Juan Santos 0-0: Ball
1-0: Fly out, F4 (Flyball, 34D, EV 81.9 MPH)
Batting: RHB Rafael Islava 0-0: Ball
1-0: DOUBLE (Line Drive, 9LS, EV 109.4 MPH)
Batting: RHB Chase Jennings 0-0: Ball
1-0: Called Strike
1-1: SINGLE (Flyball, 6D, EV 88.1 MPH)
Rafael Islava to third
Batting: RHB Jesús Martínez 0-0: Ball
1-0: Called Strike
1-1: Foul Ball, location: 2F
1-2: Ball
2-2: Grounds into double play, 3-6-1 (Groundball, 34S, EV 90.0 MPH)
Top of the 2nd over - 0 runs, 2 hits, 0 errors, 1 left on base; Maine 1 - Surprise 0
BOTTOM OF THE 2ND
Surprise Shockers batting - Pitching for Maine Sea Dogs : LHP Clemenz Lawrence
Batting: RHB Takechi Estribera 0-0: Called Strike
0-1: Ball
1-1: Ball
2-1: SINGLE (Line Drive, 34, EV 96.9 MPH)
Batting: SHB Carlos Moreno 0-0: Called Strike
0-1: Called Strike
0-2: Ball
1-2: Foul Ball, location: 2F
1-2: Ball
2-2: Ball
3-2: Grounds into double play, 6-4-3 (Groundball, 6, EV 83.8 MPH)
Batting: RHB José Cortéz 0-0: Ball
1-0: Ground out 3-1 (Groundball, 34, EV 96.2 MPH)
Bottom of the 2nd over - 0 runs, 1 hit, 0 errors, 0 left on base; Maine 1 - Surprise 0
TOP OF THE 3RD
Maine Sea Dogs batting - Pitching for Surprise Shockers : RHP Alan Jackson
Batting: RHB Ken Houston 0-0: Called Strike
0-1: Ball
1-1: Called Strike
1-2: Ball
2-2: Ball
3-2: Base on Balls
Batting: RHB Kelvin van Enk 0-0: Ball
1-0: Ball
2-0: Fly out, F8 (Flyball, 8LM, EV 77.5 MPH)
Batting: SHB Dwayne Foll 0-0: Called Strike
0-1: Fielders Choice at 2nd, 3-6 (Groundball, 34, EV 91.9 MPH)
Batting: LHB John Weber 0-0: Ball
1-0: Called Strike
1-1: DOUBLE (Popup, 4D, EV 55.0 MPH)
Dwayne Foll to third
Runner from 3rd tries for Home, throw by 2B and OUT! 4-4-2
Top of the 3rd over - 0 runs, 1 hit, 0 errors, 1 left on base; Maine 1 - Surprise 0
BOTTOM OF THE 3RD
Surprise Shockers batting - Pitching for Maine Sea Dogs : LHP Clemenz Lawrence
Batting: RHB Harry McLymont 0-0: Ball
1-0: Ball
2-0: Called Strike
2-1: Foul Ball, location: 2F
2-2: Ball
3-2: Foul Ball, location: 2F
3-2: Strikes out swinging
Batting: RHB Miles Kranendonk 0-0: Swinging Strike
0-1: Foul Ball, location: 2F
0-2: SINGLE (Line Drive, 7S, EV 86.9 MPH)
Batting: RHB Takahiro Kouno 0-0: Swinging Strike
0-1: Ball
1-1: Reached on error, E6 (Groundball, 6, EV 90.0 MPH)
Miles Kranendonk to second
Batting: RHB Luis Martínez 0-0: Called Strike
0-1: Foul Ball, location: 2F
0-2: Ball
1-2: SINGLE (Line Drive, 9S, EV 101.2 MPH)
Miles Kranendonk to third
Takahiro Kouno to second
Batting: LHB Gabriel Quintana 0-0: Ball
1-0: Foul Ball, location: 2F
1-1: Ball
2-1: Foul Ball, location: 2F
2-2: Ball
3-2: Strikes out swinging
Batting: RHB Francis Caswell 0-0: Ball
1-0: Ball
2-0: Called Strike
2-1: Foul Ball, location: 2F
2-2: Fly out, F7 (Flyball, 78S, EV 88.8 MPH)
Bottom of the 3rd over - 0 runs, 2 hits, 1 error, 3 left on base; Maine 1 - Surprise 0
TOP OF THE 4TH
Maine Sea Dogs batting - Pitching for Surprise Shockers : RHP Alan Jackson
Batting: RHB Juan Guzmán 0-0: Swinging Strike
0-1: Ball
1-1: Ball
2-1: Ball
3-1: Base on Balls
Batting: RHB Juan Santos 0-0: Called Strike
0-1: Ball
1-1: SINGLE (Groundball, 56D, EV 100.6 MPH)
Juan Guzmán to second
Batting: RHB Rafael Islava 0-0: Ball
1-0: Ball
2-0: Ball
3-0: Foul Ball, location: 2F
3-1: Fielders Choice at 2nd, 2-4 (Groundball, 2L, EV 76.9 MPH)
Juan Guzmán to third
Batting: RHB Chase Jennings 0-0: Ball
1-0: Called Strike
1-1: Ball
2-1: Ball
3-1: Called Strike
3-2: Foul Ball, location: 2F
3-2: Strikes out swinging
Batting: RHB Jesús Martínez 0-0: Called Strike
0-1: Foul Ball, location: 2F
0-2: Ball
1-2: Ball
2-2: Strikes out swinging
Top of the 4th over - 0 runs, 1 hit, 0 errors, 2 left on base; Maine 1 - Surprise 0
BOTTOM OF THE 4TH
Surprise Shockers batting - Pitching for Maine Sea Dogs : LHP Clemenz Lawrence
Batting: RHB Takechi Estribera 0-0: Ball
1-0: Foul Ball, location: 2F
1-1: Swinging Strike
1-2: Ball
2-2: Ground out 6-3 (Groundball, 4M, EV 88.8 MPH)
Batting: SHB Carlos Moreno 0-0: Foul Ball, location: 2F
0-1: Foul Ball, location: 2F
0-2: Strikes out swinging
Batting: RHB José Cortéz 0-0: Ball
1-0: Called Strike
1-1: Fly out, F8 (Flyball, 78D, EV 76.9 MPH)
Bottom of the 4th over - 0 runs, 0 hits, 0 errors, 0 left on base; Maine 1 - Surprise 0
TOP OF THE 5TH
Maine Sea Dogs batting - Pitching for Surprise Shockers : RHP Alan Jackson
Batting: RHB Ken Houston 0-0: Ball
1-0: Foul Ball, location: 2F
1-1: SINGLE (Line Drive, 6MD, EV 98.8 MPH)
Batting: RHB Kelvin van Enk 0-0: Swinging Strike
0-1: Grounds into double play, 6-4-3 (Groundball, 6, EV 81.9 MPH)
Batting: SHB Dwayne Foll 0-0: SINGLE (Groundball, 34D, EV 96.2 MPH)
Batting: LHB John Weber 0-0: Ball
1-0: Ball
2-0: Single, Error in OF, E9, batter to second base (Line Drive, 34, EV 98.8 MPH)
Dwayne Foll to third
Batting: RHB Juan Guzmán 0-0: Ball
1-0: Called Strike
1-1: Ground out 3-1 (Groundball, 34, EV 84.4 MPH)
Top of the 5th over - 0 runs, 3 hits, 1 error, 2 left on base; Maine 1 - Surprise 0
BOTTOM OF THE 5TH
Surprise Shockers batting - Pitching for Maine Sea Dogs : LHP Clemenz Lawrence
Batting: RHB Harry McLymont 0-0: Foul Ball, location: 2F
0-1: Foul Ball, location: 2F
0-2: Ground out 6-3 (Groundball, 6, EV 82.5 MPH)
Batting: RHB Miles Kranendonk 0-0: Called Strike
0-1: Foul Ball, location: 2F
0-2: SINGLE (Groundball, 6MD, EV 93.8 MPH)
Batting: RHB Takahiro Kouno 0-0: Called Strike
0-1: Called Strike
0-2: Foul Ball, location: 2F
0-2: Ball
1-2: Foul Ball, location: 2F
1-2: SINGLE (Line Drive, 7LS, EV 102.5 MPH)
Miles Kranendonk to second
Batting: RHB Luis Martínez 0-0: Ball
Miles Kranendonk steals 3rd, throwing error, E2
Miles Kranendonk scores
Takahiro Kouno to third
1-0: Called Strike
1-1: Called Strike
1-2: Foul Ball, location: 2F
1-2: Ball
Wild Pitch!
Takahiro Kouno scores
2-2: Ball
3-2: Ground out 4-3 (Groundball, 4D, EV 104.4 MPH)
Batting: LHB Gabriel Quintana 0-0: Swinging Strike
0-1: Ball
1-1: Foul Ball, location: 2F
1-2: Ball
2-2: Strikes out swinging
Bottom of the 5th over - 2 runs, 2 hits, 1 error, 0 left on base; Maine 1 - Surprise 2
TOP OF THE 6TH
Maine Sea Dogs batting - Pitching for Surprise Shockers : RHP Alan Jackson
Batting: RHB Juan Santos 0-0: Ball
1-0: Called Strike
1-1: DOUBLE (Line Drive, 7LM, EV 105.6 MPH)
Batting: RHB Rafael Islava 0-0: Ball
1-0: 2-RUN HOME RUN (Flyball, 78XD, EV 102.5 MPH), Distance : 396 ft
Batting: RHB Chase Jennings 0-0: Swinging Strike
0-1: Ground out 4-3 (Groundball, 4M, EV 87.5 MPH)
Batting: RHB Jesús Martínez 0-0: Ball
1-0: Ground out 4-3 (Groundball, 4, EV 85.6 MPH)
Batting: RHB Ken Houston 0-0: Ball
1-0: SINGLE (Line Drive, 8RS, EV 94.4 MPH)
Batting: RHB Kelvin van Enk 0-0: Ball
1-0: Fly out, F7 (Flyball, 78XD, EV 96.9 MPH)
Top of the 6th over - 2 runs, 3 hits, 0 errors, 1 left on base; Maine 3 - Surprise 2
BOTTOM OF THE 6TH
Surprise Shockers batting - Pitching for Maine Sea Dogs : LHP Clemenz Lawrence
Batting: RHB Francis Caswell 0-0: Ball
1-0: Called Strike
1-1: Ball
2-1: Fly out, F8 (Flyball, 8RD, EV 102.5 MPH)
Batting: RHB Takechi Estribera 0-0: Ball
1-0: Ball
2-0: Ball
3-0: Base on Balls
Pitching: RHP Frank Locke
Batting: SHB Carlos Moreno 0-0: Ball
1-0: Ball
2-0: Foul Ball, location: 2F
2-1: Foul Ball, location: 2F
2-2: Foul Ball, location: 2F
2-2: Ball
3-2: Fly out, F8 (Flyball, 78D, EV 95.0 MPH)
Batting: RHB José Cortéz 0-0: Ball
1-0: Foul Ball, location: 2F
1-1: Swinging Strike
1-2: Fly out, F7 (Flyball, 78S, EV 85.0 MPH)
Bottom of the 6th over - 0 runs, 0 hits, 0 errors, 1 left on base; Maine 3 - Surprise 2
TOP OF THE 7TH
Maine Sea Dogs batting - Pitching for Surprise Shockers : RHP Alan Jackson
Pitching: LHP Waleliano Girawheen
Batting: SHB Dwayne Foll 0-0: Ground out 5-3 (Groundball, 56, EV 83.1 MPH)
Batting: LHB John Weber 0-0: SINGLE (Line Drive, 9LS, EV 94.4 MPH)
Batting: RHB Juan Guzmán 0-0: Ball
1-0: Ground out 4-3 (Groundball, 34, EV 90.0 MPH)
John Weber to second
Batting: RHB Juan Santos 0-0: Ball
1-0: Called Strike
1-1: TRIPLE (Flyball, 78XD, EV 98.8 MPH)
John Weber scores
Batting: RHB Rafael Islava 0-0: Foul Ball, location: 2F
0-1: Ball
1-1: Ball
2-1: Foul Ball, location: 2F
2-2: Fly out, F7 (Flyball, 7D, EV 93.1 MPH)
Top of the 7th over - 1 run, 2 hits, 0 errors, 1 left on base; Maine 4 - Surprise 2
BOTTOM OF THE 7TH
Surprise Shockers batting - Pitching for Maine Sea Dogs : RHP Frank Locke
Batting: RHB Harry McLymont 0-0: Ball
1-0: Ball
2-0: Swinging Strike
2-1: Ball
3-1: Base on Balls
Batting: RHB Miles Kranendonk 0-0: Ground out 6-3 (Groundball, 6MS, EV 73.8 MPH)
Harry McLymont to second
Batting: RHB Takahiro Kouno 0-0: Ground out U3 (Groundball, 34, EV 85.0 MPH)
Harry McLymont to third
Batting: RHB Luis Martínez 0-0: Fly out, F8 (Line Drive, 8LD, EV 103.1 MPH)
Bottom of the 7th over - 0 runs, 0 hits, 0 errors, 1 left on base; Maine 4 - Surprise 2
TOP OF THE 8TH
Maine Sea Dogs batting - Pitching for Surprise Shockers : LHP Waleliano Girawheen
Batting: RHB Chase Jennings 0-0: Called Strike
0-1: Called Strike
0-2: Ground out 6-3 (Groundball, 56, EV 84.4 MPH)
Batting: RHB Jesús Martínez 0-0: Ball
1-0: Ground out 4-3 (Groundball, 4, EV 86.9 MPH)
Batting: RHB Ken Houston 0-0: Ball
1-0: Called Strike
1-1: Fly out, F7 (Flyball, 7LM, EV 97.5 MPH)
Top of the 8th over - 0 runs, 0 hits, 0 errors, 0 left on base; Maine 4 - Surprise 2
BOTTOM OF THE 8TH
Surprise Shockers batting - Pitching for Maine Sea Dogs : RHP Frank Locke
Batting: LHB Gabriel Quintana 0-0: Ball
1-0: Ball
2-0: Called Strike
2-1: Fly out, F6 (Line Drive, 6, EV 65.0 MPH)
Batting: RHB Francis Caswell 0-0: Ball
1-0: Foul Ball, location: 2F
1-1: Ground out 5-3 (Groundball, 5S, EV 66.9 MPH)
Batting: RHB Takechi Estribera 0-0: Ball
1-0: Foul Ball, location: 2F
1-1: Foul Ball, location: 2F
1-2: Ball
2-2: SINGLE (Line Drive, 9S, EV 104.4 MPH)
Batting: SHB Carlos Moreno 0-0: SINGLE (Flyball, 7, EV 81.9 MPH)
Takechi Estribera to second
Pitching: LHP Lu Tan
Batting: SHB Lee Wells 0-0: Called Strike
0-1: Ball
1-1: Called Strike
1-2: Strikes out looking
Bottom of the 8th over - 0 runs, 2 hits, 0 errors, 2 left on base; Maine 4 - Surprise 2
TOP OF THE 9TH
Maine Sea Dogs batting - Pitching for Surprise Shockers : LHP Waleliano Girawheen
Pitching: RHP Octávio Ortíz
Batting: RHB Kelvin van Enk 0-0: Swinging Strike
0-1: Ball
1-1: Foul Ball, location: 2F
1-2: Ball
2-2: Strikes out swinging
Batting: SHB Dwayne Foll 0-0: Foul Ball, location: 2F
0-1: Called Strike
0-2: Ball
1-2: Ball
2-2: Ball
3-2: Fly out, F3 (Line Drive, 3, EV 69.4 MPH)
Batting: LHB John Weber 0-0: Called Strike
0-1: Swinging Strike
0-2: Strikes out swinging
Top of the 9th over - 0 runs, 0 hits, 0 errors, 0 left on base; Maine 4 - Surprise 2
BOTTOM OF THE 9TH
Surprise Shockers batting - Pitching for Maine Sea Dogs : LHP Lu Tan
Pitching: LHP Andrew Stockton
Now at 1B: Felipe Torres
Batting: RHB Harry McLymont 0-0: Ball
1-0: Foul Ball, location: 2F
1-1: Called Strike
1-2: Foul Ball, location: 2F
1-2: Ball
2-2: Ball
3-2: Strikes out swinging
Batting: RHB Miles Kranendonk 0-0: SOLO HOME RUN (Line Drive, 7D, EV 99.4 MPH), Distance : 387 ft
Batting: RHB Takahiro Kouno 0-0: Called Strike
0-1: Ball
1-1: Ball
2-1: Ball
3-1: Swinging Strike
3-2: Foul Ball, location: 2F
3-2: Foul Ball, location: 2F
3-2: Fly out, F3 (Popup, 34, EV 73.8 MPH)
Batting: RHB Luis Martínez 0-0: Fly out, F9 (Flyball, 89XD, EV 102.5 MPH)
Bottom of the 9th over - 1 run, 1 hit, 0 errors, 0 left on base; Maine 4 - Surprise 3
Monday, October 31st , 2022 - OOTP Baseball 22.12 Build 89